 Dungeon Crawl Stone Soup version 0.31.0-11-ge490571c62 (webtiles) character file.

Game seed: 5193230268234960684

16 jasper the Changeling (level 2, -2/27 HPs)
             Began as an Oni Shapeshifter on Feb 3, 2024.
             Slain by a gnoll
             ... wielding a +0 spear
              (6 damage)
             ... on level 2 of the Dungeon.
             The game lasted 00:01:39 (786 turns).

jasper the Changeling (Oni Shapeshifter)             Turns: 786, Time: 00:01:40

Health: -2/27      AC:  3    Str: 17    XL:     2   Next: 54%
Magic:  2/2        EV:  9    Int: 11    God:
Gold:   58         SH:  0    Dex:  8    Spells: 1/1 levels left

rFire   . .          .
                       - Unarmed
rCold   . . .        (no shield)
rNeg    . . .        a - +0 animal skin
rPois   .            (helmet currently unavailable)
rElec   .            (cloak currently unavailable)
rCorr   .            (gloves unavailable)
SInv    .            (boots unavailable)
Will    .....        (no amulet)
Stlth   +            (no ring)
HPRegen 0.24/turn    (no ring)
MPRegen 0.08/turn

%: no passive effects
@: beast-form
A: beast (slay +2), large, unfitting armour, horns 1, tough skin 1, double
potion healing, drunken brawling
a: Begin Untransformation


You were on level 2 of the Dungeon.
You were a hulking beast.
You visited 1 branch of the dungeon, and saw 2 of its levels.

You collected 58 gold pieces.

Inventory:

Missiles
 g - 5 stones (quivered)
 i - a throwing net
Armour
 a - a +0 animal skin (worn)
Talismans
 c - a beast talisman
 d - a flux talisman
Scrolls
 e - a scroll of noise {unknown}
 j - a scroll of revelation {unknown}
 k - a scroll of torment {unknown}
Potions
 b - a potion of lignification
 f - 2 potions of degeneration {unknown}
 h - 2 potions of curing {unknown}


   Skills:
 - Level 1.3 Fighting
 - Level 1.7 Dodging
 - Level 2.6 Unarmed Combat
 + Level 3.7 Shapeshifting


You had one spell level left.
You didn't know any spells.
Your spell library contained the following spells:

 Spells                   Type           Power      Damage    Failure   Level
 Iskenderun's Battlesphe  Conj           0%         2d6       100%        5
 Bombard                  Conj/Erth      0%         9d1       100%        6
 Spellforged Servitor     Conj/Summ      0%         N/A       100%        7


Dungeon Overview and Level Annotations

Branches:
Dungeon (2/15)

Altars:

Shops:
D:1 (=*


Innate Abilities, Weirdness & Mutations

You are a hulking beast.
Your limbs bulge with bestial killing power. (Slay +2)
You are too large for most types of armour.
You have a pair of small horns on your head.
You have tough skin. (AC +1)
You gain doubled healing and magic from potions.
Whenever you drink a healing potion, you attack all around you.


Message History

You hit the dart slug.
The dart slug is moderately wounded.
You hit the dart slug.
The dart slug is almost dead.
The dart slug bites you but does no damage.
You punch the dart slug!
You kill the dart slug!
HP restored.
You open the door. 3 gnolls come into view.
A gnoll is wielding a +0 spear and quivering a throwing net.
The gnoll shouts! x2
The gnoll throws a throwing net.
The throwing net closely misses you.
There are monsters nearby!
There are monsters nearby!
The gnoll shouts!
The gnoll hits you from afar with a +0 spear.
The gnoll barely misses you.
You see here a throwing net.
You hit the gnoll.
The gnoll is lightly wounded.
The gnoll hits you with a +0 spear!
You closely miss the gnoll.
The gnoll is lightly wounded.
The gnoll barely misses you. The gnoll hits you but does no damage.
The gnoll hits you from afar with a +0 spear.
Okay, then.
The gnoll hits you from afar with a +0 spear.
The gnoll closely misses you.
You see here a throwing net.
You punch the gnoll!
The gnoll is severely wounded.
The gnoll hits you from afar with a +0 spear.
* * * LOW HITPOINT WARNING * * *
The gnoll hits you with a +0 spear.
* * * LOW HITPOINT WARNING * * *
You hit the gnoll but do no damage.
The gnoll is severely wounded.
The gnoll closely misses you. The gnoll hits you with a +0 spear.
You die...

#.# # ##. #+ ###.##.
##.#. ... ..... #....
.... ###.## #.##. .....
##....## #.##.#
.....g####......###.##.#
.....ggh..............<.
......####......###.###.
..... ##....## #.# #.
.... ###.## #.###. ...
#.# #..... #+ #.# #####.
#.# #. #.# #. #.# #.


You could see 3 gnolls.

Vanquished Creatures
  A dart slug (D:2)
  A bat (D:1)
  An endoplasm (D:1)
  A giant cockroach (D:1)
  A goblin (D:2)
  A hobgoblin (D:1)
  A quokka (D:1)
  A ball python (D:1)
  A frilled lizard (D:2)
  A kobold (D:1)
  4 rats (D:1)
14 creatures vanquished.

Notes
Turn   | Place    | Note
-------+----------+-------------------------------------------
     0 | D:1      | jasper the Oni Shapeshifter began the quest for the Orb.
     0 | D:1      | Reached XP level 1. HP: 19/19 MP: 1/1
    67 | D:1      | Found Aneeluog's Assorted Antiques.
    75 | D:1      | Found Reedunam's Jewellery Shop.
   195 | D:1      | Found Idilokla's Weapon Boutique.
   305 | D:1      | Found a faded altar of an unknown god.
   333 | D:1      | Reached XP level 2. HP: 27/27 MP: 2/2
   786 | D:2      | Slain by a gnoll

Illustrated notes

Levels and vault maps discovered:
D:1:      lemuel_arrival_tunnels, layout_loops_ring, serial_shops, shop,
          nicolae_shop_bloodbath_and_beyond, shop_statue,
          ebering_ecumenical_altar_mist
D:2:      layout_loops_corners, serial_shops, nicolae_shop_tiny_glass

Action                     || total
---------------------------++-------
  Melee: Unarmed           ||    33
         Headbutt          ||     2
 Armour: Animal skin       ||    20
  Dodge: Dodged            ||    17
